 Dungeon Crawl Stone Soup version 0.31.0-11-ge490571c62 (webtiles) character file.

Game seed: 6756368049459267751

17069 Curundu the Severer (level 12, -15/108 HPs)
             Began as a Minotaur Berserker on Jan 28, 2024.
             Was a High Priest of Trog.
             Killed by vampiric draining
             ... invoked by a vampire
              (19 damage)
             ... on level 12 of the Dungeon.
             The game lasted 00:46:36 (9526 turns).

Curundu the Severer (Minotaur Berserker)            Turns: 9526, Time: 00:46:37

Health: -15/108    AC: 16    Str: 28    XL:     12   Next: 15%
Magic:  11/11      EV: 15    Int:  4    God:    Trog [*****.]
Gold:   1708       SH:  0    Dex:  9    Spells: 11/11 levels left

rFire   . . .        B - +2 battleaxe
rCold   . . .        (shield currently unavailable)
rNeg    . . .        q - +0 plate armour
rPois   .            (helmet restricted)
rElec   .            (no cloak)
rCorr   .            e - +0 pair of gloves
SInv    .            (no boots)
Will    ++...        f - amulet of regeneration Stlth
                     p - +5 ring of evasion
HPRegen 2.18/turn    (no ring)
MPRegen 0.12/turn

%: no passive effects
@: strong-willed, regenerating, hasted, very quick
A: horns 2, retaliatory headbutt
a: Renounce Religion, Berserk, Trog's Hand, Brothers in Arms


You were on level 12 of the Dungeon.
You worshipped Trog.
Trog was extremely pleased with you.
You visited 2 branches of the dungeon, and saw 13 of its levels.
You also visited: Ossuary.

You collected 1754 gold pieces.
You spent 46 gold pieces at shops.

Inventory:

Hand Weapons
 a - a +1 hand axe
 B - a +2 battleaxe (weapon)
 E - a +0 war axe
Missiles
 j - 16 boomerangs (quivered)
 w - 3 throwing nets
Armour
 e - a +0 pair of gloves (worn)
 q - a +0 plate armour (worn)
 D - +0 acid dragon scales
Jewellery
 c - a ring of fire
 f - an amulet of regeneration (around neck)
 p - a +5 ring of evasion (left hand)
 t - a ring of ice
Wands
 n - a wand of paralysis (13)
 y - a wand of flame (44)
 A - a wand of mindburst (24)
Scrolls
 d - 8 scrolls of teleportation
 h - a scroll of fog
 i - 4 scrolls of enchant weapon
 o - 4 scrolls of blinking
 v - a scroll of silence
 H - a scroll of identify
 I - a scroll of poison {unknown}
Potions
 b - a potion of curing
 g - a potion of haste
 k - 3 potions of invisibility
 l - 2 potions of resistance {unknown}
 m - 2 potions of lignification
 r - 2 potions of might {unknown}
 s - 4 potions of magic
 u - 4 potions of heal wounds
 x - 2 potions of brilliance {unknown}
 z - 2 potions of berserk rage {unknown}
 F - a potion of experience {unknown}
 G - a potion of degeneration {unknown}
Miscellaneous
 C - a condenser vane


   Skills:
 + Level 10.8 Fighting
 + Level 15.4 Axes
 + Level 0.7 Throwing
 + Level 11.9 Armour
 * Level 7.6 Dodging
 + Level 1.7 Stealth
 * Level 4.3 Evocations


You had 11 spell levels left.
You didn't know any spells.
Your spell library was empty.

Dungeon Overview and Level Annotations

Branches:
Dungeon (12/15)            Temple (1/1) D:4            Lair (0/5) D:11
Ossuary (visited)
    Orc: D:9-12

Altars:
Ashenzari
Cheibriados
Dithmenos
Elyvilon
Fedhas
Gozag
Hepliaklqana
Kikubaaqudgha
Makhleb
Nemelex Xobeh
Okawaru
Qazlal
Ru
Sif Muna
Trog
Uskayaw
Vehumet
Wu Jian
Xom
Yredelemnul
Zin
The Shining One

Shops:
D:5 ((:*   D:8 :


Innate Abilities, Weirdness & Mutations

You have a pair of horns on your head.
You reflexively headbutt those who attack you in melee.


Message History

You kill the troll!
Trog accepts your kill.
You closely miss something. Something hits you but does no damage.
Something bites you but does no damage.
You closely miss something. You headbutt something. Something hits you!
Something bites you but does no damage.
You closely miss something. Your headbutt misses something. You slash the orc!
You kill the orc!
Trog accepts your kill. Something hits you but does no damage.
Something bites you.
Something draws strength from your injuries!
You slice something!! Your headbutt misses something.
You hear some strange, mumbled words.
Something tries to affect you, but you resist.
You miss something. Something draws life force from you!!
* * * LOW HITPOINT WARNING * * *
You barely miss something. You miss something. Something closely misses you.
Something barely misses you.
You miss something. Your headbutt misses something. Something hits you!
* * * LOW HITPOINT WARNING * * *
Something bites you but does no damage.
Your skin crawls.
You feel strong-willed. Something barely misses you. Something bites you!
* * * LOW HITPOINT WARNING * * *
Something draws strength from your injuries!
You barely miss something.
You hear some strange, mumbled words.
Something tries to affect you, but you resist.
You miss something. You headbutt something!
Something draws life force from you!
* * * LOW HITPOINT WARNING * * *
You slash something! Something barely misses you.
Something bites you but does no damage.
You feel yourself speed up. Something hits you.
* * * LOW HITPOINT WARNING * * *
Something barely misses you.
You miss something. Your headbutt misses something.
Something draws life force from you!!
You die...

....# #.....###........ ....#
.#######......#......... .....
..............##.##..... .....
..............#..###.... .....
..................####.. .#....
..............##..# #.. ###...
............<..#..## ##. .#....
......){...........# ##.
................@..........####..
.............###........^#...#...
............# ##........##....##
........##..####.^.............##
.......##......................##
........#........................
........#.........#....###..#....
###...............#.#...#..#####.
###...††............#..####.###..


There were no monsters in sight!

Vanquished Creatures
  Josephine (D:10)
  Fannar (D:10)
  Harold (D:11)
  A centaur warrior (D:9)
  Lodul (D:10)
  A manticore (D:10)
  Joseph (D:8)
  An elephant (D:11)
  3 gargoyles
  An unseen horror (D:12)
  2 kobold demonologists
  4 trolls
  Sigmund (D:6)
  5 shadows
  3 wyverns
  8 wraiths
  A vampire (D:12)
  8 yaks
  6 vampire mosquitoes
  Grum (D:10)
  Menkaure (D:5)
  Edmund (D:5)
  An acid dragon (D:10)
  3 water moccasins
  2 orc warriors (D:11)
  Duvessa (D:5)
  2 ice beasts
  2 sky beasts
  A black bear (D:11)
  8 ogres
  7 centaurs
  2 wolves (D:10)
  An elephant zombie (D:7)
  2 phantoms
  3 kobold brigands
  A weeping skull (D:7)
  5 bullfrogs
  2 elf zombies (D:7)
  A gnoll sergeant (D:10)
  6 scorpions
  A burial acolyte (Ossuary)
  4 wights
  Dowan (D:5)
  10 killer bees
  2 howler monkeys (D:9)
  An electric eel (D:7)
  4 orc priests
  A bombardier beetle (D:5)
  An iguana (D:5)
  4 jellies
  A sleepcap (D:8)
  2 scorpion zombies (D:7)
  11 orc wizards
  A killer bee zombie (D:7)
  An ogre zombie (D:7)
  4 hound zombies (D:7)
  A mummy (Ossuary)
  A howler monkey zombie (D:7)
  Robin (D:4)
  14 gnolls
  8 adders
  A shadow imp (D:5)
  2 white imps (D:7)
  2 adder zombies (D:7)
  2 dart slugs
  27 orcs
  11 ball pythons
  5 endoplasms
  4 giant cockroaches
  14 goblins
  7 hobgoblins
  5 jackals
  15 kobolds
  2 quokkas (D:3)
  3 bats
  5 frilled lizards
  9 gnoll skeletons (Ossuary)
  9 kobold skeletons (Ossuary)
  2 orc skeletons (Ossuary)
  4 rats
  A butterfly (D:4)
307 creatures vanquished.

Vanquished Creatures (others)
  A wight (D:10)
1 creature vanquished.

Grand Total: 308 creatures vanquished

Notes
Turn   | Place    | Note
-------+----------+-------------------------------------------
     0 | D:1      | Curundu the Minotaur Berserker began the quest for the Orb.
     0 | D:1      | Reached XP level 1. HP: 19/19 MP: 0/0
    59 | D:1      | Reached skill level 4 in Axes
    59 | D:1      | Reached XP level 2. HP: 27/27 MP: 1/1
   308 | D:1      | Reached XP level 3. HP: 33/33 MP: 2/2
   346 | D:1      | Found a faded altar of an unknown god.
   390 | D:1      | Reached ** piety under Trog
  1237 | D:3      | Identified the +1 leather armour "Zaorit" {Rampage rF+}
  1335 | D:3      | Reached XP level 4. HP: 38/41 MP: 3/3
  1342 | D:3      | Reached skill level 5 in Axes
  1718 | D:3      | Reached XP level 5. HP: 47/47 MP: 4/4
  2141 | D:4      | Found a staircase to the Ecumenical Temple.
  2144 | D:4      | Noticed Robin
  2166 | D:4      | Killed Robin
  2166 | D:4      | Reached *** piety under Trog
  2376 | D:4      | Reached skill level 6 in Axes
  2523 | D:4      | Reached XP level 6. HP: 33/55 MP: 5/5
  2639 | D:4      | Found a shimmering altar of Xom.
  2654 | D:4      | Found a white marble altar of Elyvilon.
  2911 | Temple   | Entered the Ecumenical Temple
  3052 | D:5      | Entered Level 5 of the Dungeon
  3059 | D:5      | Found Docat's Antique Weapon Emporium.
  3081 | D:5      | Reached skill level 5 in Fighting
  3089 | D:5      | Reached skill level 5 in Armour
  3100 | D:5      | Noticed Menkaure
  3110 | D:5      | Killed Menkaure
  3111 | D:5      | Reached skill level 7 in Axes
  3111 | D:5      | Reached XP level 7. HP: 59/61 MP: 6/6
  3146 | D:5      | Noticed Edmund
  3156 | D:5      | Killed Edmund
  3158 | D:5      | Reached skill level 8 in Axes
  3205 | D:5      | Noticed Dowan
  3205 | D:5      | Noticed Duvessa
  3214 | D:5      | Killed Duvessa
  3215 | D:5      | Reached skill level 1 in Stealth
  3222 | D:5      | Killed Dowan
  3272 | D:5      | You fall into a shaft and drop 1 floor!
  3320 | D:6      | Reached XP level 8. HP: 64/70 MP: 7/7
  3334 | D:6      | Reached skill level 9 in Axes
  3354 | D:6      | Noticed Sigmund
  3375 | D:6      | Killed Sigmund
  3604 | D:6      | Found a sand-covered staircase.
  3616 | Ossuary  | Entered an ossuary
  3687 | Ossuary  | Reached **** piety under Trog
  3765 | Ossuary  | Found an ancient bone altar of Kikubaaqudgha.
  3793 | Ossuary  | Reached skill level 10 in Axes
  4111 | D:5      | Found Nyutir's Weapon Shop.
  4312 | D:5      | Found a shadowy altar of Dithmenos.
  4372 | D:5      | Found Dyhiy's Book Emporium.
  4395 | D:5      | Reached XP level 9. HP: 77/78 MP: 8/8
  4412 | D:5      | Found Sootog's Assorted Antiques.
  4423 | D:5      | Bought a scroll labelled XAH ATIKEIG for 23 gold pieces
  4423 | D:5      | Bought a scroll labelled NAENEK MOV XIDDAH for 23 gold
                  | pieces
  5087 | D:7      | Reached skill level 11 in Axes
  5347 | D:7      | Found an opulent altar of Gozag.
  5515 | D:7      | Found an ancient bone altar of Kikubaaqudgha.
  5688 | D:7      | Reached skill level 12 in Axes
  5807 | D:7      | Reached ***** piety under Trog
  6051 | D:8      | Noticed Joseph
  6078 | D:8      | Killed Joseph
  6079 | D:8      | Reached XP level 10. HP: 62/90 MP: 9/9
  6103 | D:8      | Identified the +0 chain mail "Hoogoah" {rF++ Regen+ Dex+4
                  | Slay-2}
  6130 | D:8      | Found Doiraho's Tiny Tomes.
  6419 | D:8      | Found a hazy altar of Hepliaklqana.
  6419 | D:8      | Found a basalt altar of Yredelemnul.
  6505 | D:9      | Noticed a centaur warrior
  6552 | D:9      | Killed a centaur warrior
  6553 | D:9      | Reached skill level 13 in Axes
  6631 | D:9      | Found a stormy altar of Qazlal.
  6733 | D:9      | Reached skill level 10 in Armour
  6742 | D:9      | Found an ancient bone altar of Kikubaaqudgha.
  6867 | D:9      | Received a gift from Trog
  6909 | D:9      | Paralysed by an orc for 2 turns
  6913 | D:9      | Paralysed by an orc for 3 turns
  7269 | D:10     | Entered Level 10 of the Dungeon
  7446 | D:10     | Noticed Lodul
  7454 | D:10     | Reached skill level 1 in Evocations
  7466 | D:10     | Killed Lodul
  7467 | D:10     | Reached skill level 5 in Dodging
  7497 | D:10     | Noticed Fannar
  7523 | D:10     | Noticed Grum
  7542 | D:10     | Killed Grum
  7546 | D:10     | Killed Fannar
  7547 | D:10     | Reached skill level 14 in Axes
  7547 | D:10     | Reached XP level 11. HP: 99/99 MP: 10/10
  7779 | D:10     | Noticed Josephine
  7788 | D:10     | Killed Josephine
  7832 | D:10     | Found a snail-covered altar of Cheibriados.
  8008 | D:10     | Reached skill level 10 in Fighting
  8423 | D:11     | Noticed Harold
  8439 | D:11     | Killed Harold
  8887 | D:11     | Found a staircase to the Lair.
  8896 | D:11     | Reached skill level 15 in Axes
  9127 | D:12     | Identified the +1 leather armour of Resilience {Str+3}
  9253 | D:12     | Reached XP level 12. HP: 96/108 MP: 11/11
  9523 | D:12     | HP: 4/108 [something (16)]
  9526 | D:12     | Killed from afar by a vampire

Illustrated notes

Levels and vault maps discovered:
D:1:      sevenhm_arrival_forest_fort_small_6, layout_rooms,
          shapermc_ecumenical_altar_venn
D:2:      layout_basic
D:3:      layout_basic, minmay_cut_off
D:4:      layout_loops_ring, jmf_multi_god_temple2,
          minmay_temple_entry_butterflies, chequers_jeans, item_on_display_a,
          uniq_robin
D:5:      layout_cave_pools, mainiacjoe_overflow_boulevard, serial_shops,
          nicolae_shop_rolling_square, shop, nicolae_shop_pleasant_corner_grove,
          shop, nicolae_hexahallways, grunt_decor_junction, uniq_edmund,
          uniq_duvessa, uniq_menkaure
D:6:      layout_basic, nicolae_ossuary_entry_ruins, kennysheep_potato,
          uniq_sigmund
D:7:      cheibrodos_helix_gallery, layout_basic,
          nicolae_gozag_cash_rules_everything_around_me,
          roadster_capsule_ark_zombie
D:8:      layout_rooms, amethyst_overflow_temple_binary,
          nicolae_shop_i_like_small_books_too, uniq_joseph
D:9:      layout_loops_ring, mainiacjoe_overflow_chevrons,
          nicolae_qazlal_scattered_showers, minmay_chambers_of_fives
D:10:     layout_small_grid, old_standard_altar, uniq_fannar, uniq_grum,
          uniq_josephine, uniq_lodul
D:11:     layout_irregular_city, grunt_lair_entry_orc_guard_hut, uniq_harold
D:12:     layout_cave_pools, kennysheep_orc_monster_closet_entryway
Temple:   hellmonk_temple_forest_ring

Skill      XL: |  1  2  3  4  5  6  7  8  9 10 11 12 |
---------------+-------------------------------------+-----
Fighting       | 4 5 6 8 9 10 | 10.8
Axes           | 4 5 6 7 8 10 12 14 15 | 15.4
Armour         | 3 4 5 7 8 10 11 | 11.9
Dodging        | 3 4 5 7 |  7.6
Stealth        | 1 |  1.7
Evocations     | 2 3 4 |  4.3
Throwing       | |  0.7

Action                     |  1- 3 |  4- 6 |  7- 9 | 10-12 || total
---------------------------+-------+-------+-------+-------++-------
  Melee: Hand axe          |    75 |   125 |   375 |    91 ||   666
         Headbutt          |    12 |    16 |    75 |    66 ||   169
         Punch             |       |     2 |     4 |       ||     6
         Battleaxe         |       |       |       |   287 ||   287
  Throw: Throwing net      |       |       |     1 |       ||     1
         Boomerang         |       |       |       |     5 ||     5
 Invoke: Trog's Hand       |       |     1 |     6 |    11 ||    18
         Berserk           |       |       |     1 |     3 ||     4
    Use: Scroll            |     3 |     3 |     7 |     4 ||    17
         Potion            |       |       |       |     2 ||     2
 Armour: Animal skin       |    14 |       |       |       ||    14
         Chain mail        |    34 |       |       |       ||    34
         Scale mail        |     3 |       |       |       ||     3
         Ice dragon scales |     8 |    88 |   173 |       ||   269
         Plate armour      |       |       |    71 |   392 ||   463
         Skin              |       |       |       |    18 ||    18
  Dodge: Dodged            |    46 |    62 |   204 |   302 ||   614
